[Event "28th Bosnjaci Open 2024"]
[Site "Bosnjaci"]
[Date "2024.01.08"]
[Round "8.6"]
[White "Sajin, Mirko"]
[Black "Tukovic, Dario"]
[Result "1-0"]
[ECO "C45"]
[WhiteElo "2299"]
[BlackElo "2132"]
[Annotator "RC"]
[PlyCount "67"]
[EventDate "2024.01.02"]
[EventType "swiss"]
[EventCountry "CRO"]
[SourceTitle "playchess.com"]
[Source "ChessBase"]
[SourceQuality "1"]
[TimeControl "5400+30"]

1. e4 e5 2. Nf3 Nc6 3. d4 exd4 4. Nxd4 Bb4+ 5. c3 Bc5 6. Be3 Bb6 7. Bd3 Nge7 8. O-O O-O 9. Qc2 g6 10. Nd2 d5 11. Nxc6 bxc6 12. Bh6 Re8 13. c4 Bd4 14. Nb3 Bh8 15. Rfe1 Ba6 16. Rad1 Qd6 17. Qc1 Qb4 18. Bd2 Qb8 19. Bc3 Bxc3 20. Qxc3 Bxc4 21. Bxc4 dxc4 22. Qxc4 Qb5 23. Qc3 Rad8 24. Nc5 Rxd1 25. Rxd1 Rb8 26. h4 f6 27. Rd7 Kf7 28. b3 Qe2 29. Rd3 Rb5 30. b4 a5 31. Qc4+ Kg7 32. Qe6 Rxc5 33. Qxe7+ Kh6 34. Qf8+ 1-0

[Event "28th Bosnjaci Open 2024"]
[Site "Bosnjaci"]
[Date "2024.01.08"]
[Round "8.7"]
[White "Zovko, Mario"]
[Black "Vujnovic, Patricija"]
[Result "1-0"]
[ECO "B22"]
[WhiteElo "2268"]
[BlackElo "2104"]
[Annotator "RC"]
[PlyCount "93"]
[EventDate "2024.01.02"]
[EventType "swiss"]
[EventCountry "CRO"]
[SourceTitle "playchess.com"]
[Source "ChessBase"]
[SourceQuality "1"]
[TimeControl "5400+30"]

1. e4 c5 2. Nf3 e6 3. c3 d5 4. exd5 exd5 5. d4 Nc6 6. Bb5 Nf6 7. O-O cxd4 8. Nxd4 Bd7 9. Re1+ Be7 10. Qe2 Nxd4 11. Bxd7+ Qxd7 12. cxd4 Rc8 13. Bg5 Rc6 14. Bxf6 Rxf6 15. Nc3 Re6 16. Qf3 O-O 17. Nxd5 Rd8 18. Nxe7+ Rxe7 19. Rxe7 Qxe7 20. Qc3 h5 21. h3 Qe4 22. Rd1 g6 23. Qe3 Qd5 24. Qb3 Qxb3 25. axb3 Kf8 26. Kf1 Ke7 27. Ke2 Kd6 28. Ra1 a6 29. Rc1 Re8+ 30. Kd3 Rd8 31. Rc2 Re8 32. Re2 Rc8 33. Re3 Rc1 34. Rf3 Rc7 35. Rf6+ Kd5 36. h4 Rd7 37. f3 Rc7 38. g4 hxg4 39. fxg4 Re7 40. h5 a5 41. hxg6 fxg6 42. Rxg6 Rf7 43. Rg5+ Kc6 44. Rxa5 Rg7 45. Rc5+ Kd6 46. g5 Rh7 47. g6 1-0

[Event "28th Bosnjaci Open 2024"]
[Site "Bosnjaci"]
[Date "2024.01.08"]
[Round "8.8"]
[White "Pavic, Filip"]
[Black "Damjanovic, Stjepan"]
[Result "1/2-1/2"]
[ECO "B36"]
[WhiteElo "2261"]
[BlackElo "2149"]
[Annotator "RC"]
[PlyCount "69"]
[EventDate "2024.01.02"]
[EventType "swiss"]
[EventCountry "CRO"]
[SourceTitle "playchess.com"]
[Source "ChessBase"]
[SourceQuality "1"]
[TimeControl "5400+30"]

1. Nf3 g6 2. e4 c5 3. c4 Nc6 4. d4 cxd4 5. Nxd4 Nf6 6. Nc3 Nxd4 7. Qxd4 d6 8. Be2 Bg7 9. Be3 O-O 10. Qd2 a5 11. O-O a4 12. Rfd1 Qa5 13. Rac1 Be6 14. f3 Rfc8 15. Nd5 Qxd2 16. Rxd2 Bxd5 17. exd5 Nd7 18. Rdc2 a3 19. b3 Bb2 20. Re1 b5 21. c5 Nxc5 22. Bxc5 b4 23. Bb5 Rxc5 24. Rxc5 Bd4+ 25. Kf1 Bxc5 26. Rxe7 Kf8 27. Re4 Ra7 28. Re8+ Kg7 29. f4 h5 30. Ke2 Kf6 31. Kf3 Rc7 32. Bc6 Bg1 33. h3 Re7 34. g4 Rxe8 35. Bxe8 1/2-1/2

[Event "28th Bosnjaci Open 2024"]
[Site "Bosnjaci"]
[Date "2024.01.08"]
[Round "8.9"]
[White "Markovic, Franjo-Josip"]
[Black "Cvitan, Ena"]
[Result "1/2-1/2"]
[ECO "D13"]
[WhiteElo "2194"]
[BlackElo "2242"]
[Annotator "RC"]
[PlyCount "21"]
[EventDate "2024.01.02"]
[EventType "swiss"]
[EventCountry "CRO"]
[SourceTitle "playchess.com"]
[Source "ChessBase"]
[SourceQuality "1"]
[TimeControl "5400+30"]

1. d4 d5 2. Bf4 Nf6 3. e3 c5 4. c3 cxd4 5. cxd4 Nc6 6. Nc3 a6 7. Nf3 Bg4 8. Be2 Bxf3 9. Bxf3 e6 10. O-O Bd6 11. Bxd6 1/2-1/2

[Event "28th Bosnjaci Open 2024"]
[Site "Bosnjaci"]
[Date "2024.01.08"]
[Round "8.10"]
[White "Grgantov, Marin"]
[Black "Vucenovic, Damian"]
[Result "1-0"]
[ECO "C49"]
[WhiteElo "1973"]
[BlackElo "2193"]
[Annotator "RC"]
[PlyCount "109"]
[EventDate "2024.01.02"]
[EventType "swiss"]
[EventCountry "CRO"]
[SourceTitle "playchess.com"]
[Source "ChessBase"]
[SourceQuality "1"]
[TimeControl "5400+30"]

1. e4 e5 2. Nf3 Nc6 3. Nc3 Nf6 4. Bb5 Bb4 5. O-O O-O 6. d3 d6 7. Bg5 Ne7 8. Bxf6 gxf6 9. d4 c6 10. Bd3 Ng6 11. Ne2 Ba5 12. Ng3 Kh8 13. c3 Bb6 14. Nf5 Rg8 15. g3 Be6 16. Re1 Qd7 17. Kf1 Rad8 18. Qe2 d5 19. Rad1 dxe4 20. Qxe4 Bd5 21. Qg4 Qe6 22. Qh5 Bc4 23. b3 Bxd3+ 24. Rxd3 c5 25. Rdd1 cxd4 26. cxd4 Qc6 27. dxe5 Rxd1 28. Rxd1 Qc2 29. N3d4 Qxa2 30. exf6 Bxd4 31. Nxd4 Qa6+ 32. Qb5 Qxf6 33. Qxb7 Rd8 34. Qe4 Ne5 35. Re1 Ng6 36. Nf5 h5 37. Ne7 Qa6+ 38. Kg1 Rf8 39. Qf5 Kg7 40. Qxh5 Re8 41. Nf5+ Kf6 42. Rxe8 Qa5 43. Qf3 Ne5 44. Qe4 Ng6 45. Kg2 Qb5 46. Nd4 Qb4 47. h4 Qa5 48. Qf5+ Qxf5 49. Nxf5 Kxf5 50. Ra8 Kg4 51. f3+ Kh5 52. Rxa7 Kh6 53. b4 f5 54. Ra6 Kh5 55. Rxg6 1-0

[Event "28th Bosnjaci Open 2024"]
[Site "Bosnjaci"]
[Date "2024.01.08"]
[Round "8.11"]
[White "Kovacevic, Blazimir"]
[Black "Saric, Kristina"]
[Result "1-0"]
[ECO "D61"]
[WhiteElo "2381"]
[BlackElo "2111"]
[Annotator "RC"]
[PlyCount "77"]
[EventDate "2024.01.02"]
[EventType "swiss"]
[EventCountry "CRO"]
[SourceTitle "playchess.com"]
[Source "ChessBase"]
[SourceQuality "1"]
[TimeControl "5400+30"]

1. d4 d5 2. c4 c6 3. Nf3 Nf6 4. Nc3 e6 5. Bg5 Be7 6. e3 Nbd7 7. Qc2 O-O 8. Rd1 b6 9. Bd3 dxc4 10. Bxc4 Nd5 11. Bxe7 Qxe7 12. O-O Bb7 13. e4 Nxc3 14. bxc3 e5 15. Rfe1 Rad8 16. Qb3 b5 17. Bf1 a6 18. a4 Rfe8 19. g3 Qf6 20. Re3 c5 21. d5 c4 22. Qb4 Qb6 23. Rb1 f5 24. exf5 Bxd5 25. axb5 a5 26. Qb2 Qf6 27. Qa2 Nb6 28. Rbe1 Qxf5 29. Nxe5 Rxe5 30. Rxe5 Qf3 31. Rxd5 Qxd5 32. Qxa5 Rb8 33. Qb4 Rc8 34. Bh3 Qd2 35. Qe7 Rd8 36. Qe6+ Kf8 37. Qe7+ Kg8 38. Be6+ Kh8 39. Bxc4 1-0

[Event "28th Bosnjaci Open 2024"]
[Site "Bosnjaci"]
[Date "2024.01.08"]
[Round "8.12"]
[White "Berke, Ana"]
[Black "Jocev, Milan"]
[Result "1/2-1/2"]
[ECO "C90"]
[WhiteElo "2092"]
[BlackElo "2376"]
[Annotator "RC"]
[PlyCount "38"]
[EventDate "2024.01.02"]
[EventType "swiss"]
[EventCountry "CRO"]
[SourceTitle "playchess.com"]
[Source "ChessBase"]
[SourceQuality "1"]
[TimeControl "5400+30"]

1. e4 e5 2. Nf3 Nc6 3. Bb5 a6 4. Ba4 Nf6 5. d3 b5 6. Bb3 Be7 7. O-O d6 8. c3 O-O 9. Re1 Na5 10. Bc2 c5 11. Nbd2 Nc6 12. Nf1 Re8 13. h3 h6 14. d4 cxd4 15. cxd4 Nxd4 16. Nxd4 exd4 17. Qxd4 Bb7 18. Ng3 Rc8 19. Bb3 d5 1/2-1/2

[Event "28th Bosnjaci Open 2024"]
[Site "Bosnjaci"]
[Date "2024.01.08"]
[Round "8.13"]
[White "Biti, Ozren"]
[Black "Matic, Zeljko"]
[Result "1-0"]
[ECO "B01"]
[WhiteElo "2308"]
[BlackElo "2077"]
[Annotator "RC"]
[PlyCount "129"]
[EventDate "2024.01.02"]
[EventType "swiss"]
[EventCountry "CRO"]
[SourceTitle "playchess.com"]
[Source "ChessBase"]
[SourceQuality "1"]
[TimeControl "5400+30"]

1. e4 d5 2. exd5 Qxd5 3. Nf3 Bg4 4. Be2 Nf6 5. d4 c6 6. O-O e6 7. c4 Qd6 8. Nc3 Be7 9. Be3 O-O 10. h3 Bh5 11. Qd2 Qc7 12. Rfd1 Rd8 13. Rac1 Nbd7 14. Qc2 Rac8 15. Qb3 Qb8 16. a3 a6 17. c5 Bxf3 18. Bxf3 Nd5 19. Nxd5 exd5 20. Bg4 g6 21. g3 f5 22. Bf4 Qa7 23. Qe3 Bf6 24. Qe6+ Kg7 25. Bxf5 gxf5 26. Re1 b5 27. Qxf5 Rf8 28. Re6 Rf7 29. Rce1 Rcf8 30. Rxc6 Bxd4 31. Qxd5 Bxc5 32. Re2 Rxf4 33. gxf4 Rf6 34. b4 Bf8 35. Qg5+ Kf7 36. Qd5+ Kg7 37. Re3 Rg6+ 38. Rxg6+ hxg6 39. Re6 Nf6 40. Qe5 Qf7 41. Rxa6 Qe7 42. Qxe7+ Bxe7 43. Rb6 Nd5 44. Rxb5 Nc3 45. Rb7 Kf6 46. Kg2 Bd6 47. Kf3 Ke6 48. h4 Nd5 49. Ke4 Bxf4 50. Rg7 Bc1 51. Rxg6+ Nf6+ 52. Kd3 Bxa3 53. Kc4 Bc1 54. b5 Kf5 55. Rg1 Bf4 56. b6 Ke4 57. b7 Kf5 58. Kb5 Ne4 59. Kc6 Be5 60. Re1 Bb8 61. h5 Nf6 62. Rh1 Nh7 63. Kd7 Kg4 64. Kc8 Ba7 65. Ra1 1-0

[Event "28th Bosnjaci Open 2024"]
[Site "Bosnjaci"]
[Date "2024.01.08"]
[Round "8.14"]
[White "Car, Filip"]
[Black "Alimpic, Aleksa"]
[Result "1/2-1/2"]
[ECO "D27"]
[WhiteElo "2127"]
[BlackElo "2282"]
[Annotator "RC"]
[PlyCount "37"]
[EventDate "2024.01.02"]
[EventType "swiss"]
[EventCountry "CRO"]
[SourceTitle "playchess.com"]
[Source "ChessBase"]
[SourceQuality "1"]
[TimeControl "5400+30"]

1. d4 d5 2. c4 dxc4 3. Nf3 Nf6 4. e3 e6 5. Bxc4 c5 6. O-O a6 7. dxc5 Bxc5 8. Qxd8+ Kxd8 9. Be2 Ke7 10. Nbd2 Bd7 11. b3 Bb5 12. Nc4 Nbd7 13. Bb2 Bxc4 14. Bxc4 Rhc8 15. Rfd1 Rc7 16. Rac1 Rac8 17. Kf1 b5 18. Bd3 Bb4 19. Rxc7 1/2-1/2

[Event "28th Bosnjaci Open 2024"]
[Site "Bosnjaci"]
[Date "2024.01.08"]
[Round "8.15"]
[White "Troselj, Ivan"]
[Black "Cupic, Lovro"]
[Result "0-1"]
[ECO "B22"]
[WhiteElo "2067"]
[BlackElo "2265"]
[Annotator "RC"]
[PlyCount "74"]
[EventDate "2024.01.02"]
[EventType "swiss"]
[EventCountry "CRO"]
[SourceTitle "playchess.com"]
[Source "ChessBase"]
[SourceQuality "1"]
[TimeControl "5400+30"]

1. Nf3 c5 2. e4 e6 3. c3 d5 4. exd5 Qxd5 5. d4 Nf6 6. Na3 Nc6 7. Nb5 Qd8 8. Bf4 Nd5 9. Bg3 a6 10. c4 axb5 11. cxd5 exd5 12. Qe2+ Be7 13. dxc5 Qa5+ 14. Qd2 Bxc5 15. Qxa5 Rxa5 16. Be2 Bb4+ 17. Kf1 Bc5 18. Bc7 b6 19. g3 Bh3+ 20. Kg1 O-O 21. Ng5 Bf5 22. Kg2 h6 23. g4 Bd7 24. Nh3 Nd4 25. Bf3 Nxf3 26. Kxf3 h5 27. Nf4 hxg4+ 28. Kg2 d4 29. Rhc1 Ra7 30. b4 Rxc7 31. bxc5 Rxc5 32. Rd1 Rd8 33. Rab1 Bc6+ 34. Kg3 Rc3+ 35. Kh4 f6 36. Ne6 Bd7 37. Re1 Re8 0-1

[Event "28th Bosnjaci Open 2024"]
[Site "Bosnjaci"]
[Date "2024.01.08"]
[Round "8.16"]
[White "Begic, Domagoj"]
[Black "Bobanac, Miro"]
[Result "1/2-1/2"]
[ECO "B24"]
[WhiteElo "2052"]
[BlackElo "2238"]
[Annotator "RC"]
[PlyCount "106"]
[EventDate "2024.01.02"]
[EventType "swiss"]
[EventCountry "CRO"]
[SourceTitle "playchess.com"]
[Source "ChessBase"]
[SourceQuality "1"]
[TimeControl "5400+30"]

1. e4 c5 2. Nc3 Nc6 3. g3 e6 4. Bg2 a6 5. a4 Rb8 6. Nge2 b5 7. O-O b4 8. Nb1 Nf6 9. d3 Be7 10. Nd2 d5 11. b3 Bb7 12. exd5 exd5 13. Bb2 O-O 14. Nf4 Na5 15. Re1 Bd6 16. Bxf6 Qxf6 17. Nxd5 Qd8 18. Nc4 Bxd5 19. Bxd5 Nxc4 20. Bxc4 a5 21. Qf3 Be7 22. Re4 Bf6 23. Rae1 Qd7 24. Kg2 h6 25. h4 Qb7 26. Qf5 Qc8 27. Qxc8 Rfxc8 28. h5 Kf8 29. f4 Re8 30. Bb5 Re7 31. Rxe7 Bxe7 32. Kf3 Rd8 33. Bc4 Bf6 34. Bb5 Bd4 35. Kg4 Rb8 36. Re2 Rd8 37. Kf3 Bf6 38. g4 Rb8 39. Bc6 Rc8 40. Be4 Re8 41. Rg2 Bd4 42. g5 Ke7 43. Kg4 Kd6 44. gxh6 gxh6 45. Kf5 Rd8 46. Bb7 Kc7 47. Be4 Kd6 48. Bb7 Ke7 49. Re2+ Kf8 50. Bc6 Bg7 51. Be4 Bd4 52. Bc6 Bg7 53. Be4 Bd4 1/2-1/2

[Event "28th Bosnjaci Open 2024"]
[Site "Bosnjaci"]
[Date "2024.01.08"]
[Round "8.17"]
[White "Kejzar, Petra"]
[Black "Rosic, Slavko S"]
[Result "1/2-1/2"]
[ECO "E11"]
[WhiteElo "2025"]
[BlackElo "2231"]
[Annotator "RC"]
[PlyCount "144"]
[EventDate "2024.01.02"]
[EventType "swiss"]
[EventCountry "CRO"]
[SourceTitle "playchess.com"]
[Source "ChessBase"]
[SourceQuality "1"]
[TimeControl "5400+30"]

1. Nf3 Nf6 2. c4 e6 3. d4 d5 4. g3 Bb4+ 5. Bd2 a5 6. Bg2 O-O 7. O-O dxc4 8. Qc2 Bxd2 9. Nbxd2 Ra7 10. Nxc4 b6 11. Rac1 Bb7 12. Rfd1 Be4 13. Qd2 Nbd7 14. Qf4 Qa8 15. Ncd2 Bb7 16. Re1 c5 17. Nc4 cxd4 18. Qxd4 Qb8 19. Nd6 Ba6 20. e4 Rd8 21. Red1 Be2 22. Rd2 Bxf3 23. Bxf3 e5 24. Qe3 Nc5 25. Rcd1 Rad7 26. Nc4 h6 27. Rxd7 Rxd7 28. Rxd7 Ncxd7 29. Be2 Qc7 30. f3 Qc6 31. Qa3 Qc8 32. Bf1 Qc7 33. Qe7 Qb8 34. Qa3 h5 35. Nd6 Nc5 36. Nf5 Qd8 37. Qc3 g6 38. Ne3 Qe7 39. Bc4 Qd6 40. Bd5 Ncd7 41. Qc4 Kg7 42. a3 h4 43. Kg2 Qf8 44. Qc7 hxg3 45. hxg3 Qe7 46. Bb7 Ne8 47. Qc3 Nef6 48. Bc6 Nc5 49. Nc4 Ncd7 50. f4 exf4 51. e5 Qc5 52. exf6+ Nxf6 53. Ne5 Qd6 54. Ng4 fxg3 55. Qxf6+ Qxf6 56. Nxf6 Kxf6 57. a4 Ke5 58. Kxg3 f5 59. Kf3 g5 60. Bd7 Kf6 61. Ke3 Ke5 62. Kf3 Kf6 63. Bb5 Ke5 64. Bd3 Kf6 65. Be2 Ke5 66. Ke3 Kd5 67. Bd1 Kc5 68. Bc2 Kb4 69. Bxf5 Kxa4 70. Bc2+ Kb4 71. Ke4 a4 72. Kf5 a3 1/2-1/2

[Event "28th Bosnjaci Open 2024"]
[Site "Bosnjaci"]
[Date "2024.01.08"]
[Round "8.18"]
[White "Petricevic, Mateo"]
[Black "Starcevic, Ante Leon"]
[Result "1/2-1/2"]
[ECO "D78"]
[WhiteElo "2019"]
[BlackElo "2209"]
[Annotator "ChessBase"]
[PlyCount "37"]
[EventDate "2024.01.02"]
[EventType "swiss"]
[EventCountry "CRO"]
[SourceTitle "playchess.com"]
[Source "ChessBase"]
[SourceQuality "1"]
[TimeControl "5400+30"]

1. Nf3 Nf6 2. g3 g6 3. Bg2 Bg7 4. O-O O-O 5. d4 d5 6. c4 c6 7. Nc3 Ne4 8. Bf4 Nxc3 9. bxc3 b6 10. cxd5 cxd5 11. Ne5 Ba6 12. Re1 Re8 13. Qa4 e6 14. Nxf7 Kxf7 15. Bxb8 Qc8 16. Bf4 Qc4 17. Qxc4 Bxc4 18. e4 Rac8 19. exd5 1/2-1/2

[Event "28th Bosnjaci Open 2024"]
[Site "Bosnjaci"]
[Date "2024.01.08"]
[Round "8.19"]
[White "Vasilijevic, Vili"]
[Black "Goric, Esad"]
[Result "1/2-1/2"]
[ECO "B07"]
[WhiteElo "1821"]
[BlackElo "2196"]
[Annotator "RC"]
[PlyCount "132"]
[EventDate "2024.01.02"]
[EventType "swiss"]
[EventCountry "CRO"]
[SourceTitle "playchess.com"]
[Source "ChessBase"]
[SourceQuality "1"]
[TimeControl "5400+30"]

1. d4 Nf6 2. Nc3 d6 3. e4 g6 4. f3 Bg7 5. Be3 O-O 6. Qd2 e5 7. Nge2 Nc6 8. d5 Ne7 9. g4 c6 10. g5 Ne8 11. O-O-O cxd5 12. Nxd5 Nxd5 13. Qxd5 Qc7 14. Nc3 Be6 15. Qd2 a6 16. h4 f5 17. gxf6 Nxf6 18. Qxd6 Qf7 19. Bh3 Bxh3 20. Rxh3 Kh8 21. Bc5 Rfe8 22. Kb1 Rac8 23. Bb4 Qc4 24. Ba5 Rc6 25. Qb4 Qe6 26. Rh2 b6 27. Rhd2 bxa5 28. Qxa5 Rcc8 29. Nd5 Nxd5 30. exd5 Qd6 31. Qa4 Rf8 32. Qg4 Rb8 33. c4 Rfe8 34. Rc2 Rbc8 35. Rg1 Rg8 36. Qe4 Rgf8 37. Qg4 Rce8 38. h5 Rf4 39. Qg2 e4 40. hxg6 exf3 41. Qh2 h6 42. c5 Qf6 43. Qf2 Qd4 44. d6 Qd5 45. Rgc1 Qc6 46. Rd1 Rd8 47. Qe3 Rf6 48. Qe7 Rd7 49. Qe8+ Rf8 50. Qe3 Rb7 51. b3 f2 52. Rf1 Rbb8 53. Rcxf2 Rfe8 54. Qd3 Qxc5 55. d7 Red8 56. Rf7 Qd4 57. Qxd4 Bxd4 58. Re7 Kg8 59. Rh1 Bf6 60. Rf7 Bg7 61. Re1 Bf8 62. Kc2 h5 63. Re4 Bg7 64. Ree7 Bf8 65. Re4 Bg7 66. Ree7 Bf8 1/2-1/2

[Event "28th Bosnjaci Open 2024"]
[Site "Bosnjaci"]
[Date "2024.01.09"]
[Round "9.1"]
[White "Saric, Ante"]
[Black "Milovic, Jovan"]
[Result "1-0"]
[ECO "A43"]
[WhiteElo "2508"]
[BlackElo "2223"]
[Annotator "TA"]
[PlyCount "60"]
[EventDate "2024.01.02"]
[EventType "swiss"]
[EventCountry "CRO"]
[SourceTitle "playchess.com"]
[Source "ChessBase"]
[SourceQuality "1"]
[TimeControl "5400+30"]

1. d4 c5 2. d5 e6 3. Nc3 exd5 4. Nxd5 Nf6 5. Bg5 Be7 6. Bxf6 {[%emt 0:00:06] A43: Schmid Benoni.} Bxf6 7. c3 Na6 {[%emt 0:04:25] [#]} 8. g3 $146 {[%emt 0:15:20] White is slightly better.} ({Predecessor:} 8. Nh3 d6 9. Nhf4 Be5 10. e3 Nc7 11. Nxc7+ Qxc7 12. Nd5 Qd8 13. Bb5+ Bd7 14. Qa4 Bxb5 15. Qxb5+ {1-0 Li,S (2484)-Cupido,A (2045) Delft Prinsenstad op-A 2008 (1)}) 8... Nc7 9. Bg2 Nxd5 10. Qxd5 Qb6 {[%emt 0:01:40] Black is weak on the light squares} 11. Qd2 d5 12. Bxd5 O-O 13. e4 ({Of course not} 13. Nf3 Bf5 $11) 13... Rd8 {[%emt 0:07:32] White leaves nothing to chance now.} 14. Ne2 Bh3 {[%emt 0:00:26] [#] Hoping for ...Bg2.} 15. Nf4 {[%emt 0:03:55] Inhibits Bg2.} Bg5 {[%emt 0:00:17] aiming for ...Bg2.} 16. Qe2 Bxf4 17. gxf4 Bg2 (17... Be6 $16 18. O-O-O Bxd5 19. Rxd5 Rxd5 20. exd5 Qd6) 18. Rg1 $18 Rxd5 $2 (18... Bh3 {keeps fighting.} 19. Qd2 (19. Qh5 Be6 $16) 19... Be6) 19. exd5 Bxd5 20. Qe5 {[%emt 0:03:42][%csl Gg1,LRd5,LRg7][%cal Re5g7] [#] White is clearly winning.} g6 21. Qxd5 Qxb2 22. Rd1 Re8+ 23. Kf1 Qe2+ 24. Kg2 Qg4+ 25. Kh1 Qxf4 26. Rd3 Re5 27. Rf3 {[%emt 0:01:58] White threatens Qd8+ and mate.} Qxh2+ 28. Kxh2 Rxd5 29. Re1 Rd7 {[%emt 0:00:12] Repels Re7} 30. Rfe3 b5 {[%emt 0:02:44] Weighted Error Value: White=0.04 (flawless) /Black=0.32} 1-0

[Event "28th Bosnjaci Open 2024"]
[Site "Bosnjaci"]
[Date "2024.01.09"]
[Round "9.3"]
[White "Sajin, Mirko"]
[Black "Zaja, Ivan"]
[Result "0-1"]
[ECO "C45"]
[WhiteElo "2299"]
[BlackElo "2419"]
[Annotator "RC"]
[PlyCount "78"]
[EventDate "2024.01.02"]
[EventType "swiss"]
[EventCountry "CRO"]
[SourceTitle "playchess.com"]
[Source "ChessBase"]
[SourceQuality "1"]
[TimeControl "5400+30"]

1. e4 e5 2. Nf3 Nc6 3. d4 exd4 4. Nxd4 Bb4+ 5. c3 Bc5 6. Be3 Bb6 7. Nf5 Bxe3 8. Nxe3 Nf6 9. f3 O-O 10. Be2 Qe7 11. Nd5 Nxd5 12. Qxd5 Kh8 13. Nd2 d6 14. O-O f5 15. f4 Be6 16. Qd3 fxe4 17. Qxe4 d5 18. Qe3 Rae8 19. Bb5 Qd6 20. Bxc6 bxc6 21. Nb3 a6 22. Qd4 Bf5 23. Rae1 Be4 24. g3 Rb8 25. Rf2 Rb5 26. Nd2 Bf5 27. Nf3 c5 28. Qe5 h6 29. Nh4 Be4 30. Qxd6 cxd6 31. Rxe4 dxe4 32. Ng6+ Kg8 33. Nxf8 Kxf8 34. c4 Rb4 35. b3 d5 36. cxd5 Ke7 37. f5 Rd4 38. g4 e3 39. Rc2 Rd1+ 0-1

[Event "28th Bosnjaci Open 2024"]
[Site "Bosnjaci"]
[Date "2024.01.09"]
[Round "9.4"]
[White "Culum, Sanjin"]
[Black "Zovko, Mario"]
[Result "1/2-1/2"]
[ECO "C42"]
[WhiteElo "2349"]
[BlackElo "2268"]
[Annotator "RC"]
[PlyCount "61"]
[EventDate "2024.01.02"]
[EventType "swiss"]
[EventCountry "CRO"]
[SourceTitle "playchess.com"]
[Source "ChessBase"]
[SourceQuality "1"]
[TimeControl "5400+30"]

1. e4 e5 2. Nf3 Nf6 3. Nxe5 d6 4. Nf3 Nxe4 5. d4 d5 6. Bd3 Bd6 7. O-O O-O 8. c4 c6 9. Nc3 Nxc3 10. bxc3 dxc4 11. Bxc4 Bf5 12. Bg5 Qa5 13. d5 Qc7 14. Re1 h6 15. Bh4 Bg4 16. h3 Bh5 17. g4 Bg6 18. Kg2 c5 19. Bd3 Bxd3 20. Qxd3 Nd7 21. Re4 Rae8 22. Rae1 Rxe4 23. Rxe4 g5 24. Bg3 Bxg3 25. fxg3 Nf6 26. Re5 Re8 27. Rxe8+ Nxe8 28. Qe3 Kf8 29. Ne5 b6 30. c4 Qe7 31. Qc3 1/2-1/2

[Event "28th Bosnjaci Open 2024"]
[Site "Bosnjaci"]
[Date "2024.01.09"]
[Round "9.5"]
[White "Hadzovic, Amir"]
[Black "Grgantov, Marin"]
[Result "1/2-1/2"]
[ECO "B01"]
[WhiteElo "2307"]
[BlackElo "1973"]
[Annotator "TA"]
[PlyCount "79"]
[EventDate "2024.01.02"]
[EventType "swiss"]
[EventCountry "CRO"]
[SourceTitle "playchess.com"]
[Source "ChessBase"]
[SourceQuality "1"]
[TimeControl "5400+30"]

1. e4 d5 2. exd5 Nf6 3. d4 Bg4 4. Be2 Bxe2 5. Qxe2 Qxd5 6. Nf3 e6 $1 {[%emt 0:00:06] 6...e6 is better than 6...Nc6.} 7. O-O Bd6 8. Nc3 {[%emt 0:03:13] B01: Scandinavian Defence.} Qh5 9. Qb5+ Qxb5 10. Nxb5 Nc6 {[%emt 0:00:20] [#]} 11. c4 $146 ({Predecessor:} 11. c3 h6 12. Re1 O-O-O 13. Nxd6+ {½-½ Glatt,G (2224)-Barle,J (2225) EU-ch Seniors 65 19th 2019 (4)}) 11... O-O-O 12. Bg5 a6 13. Nc3 Be7 14. Rfd1 h6 15. Be3 Ng4 16. h3 Nxe3 17. fxe3 f5 18. Ne2 g5 {[%emt 0:09:08] Against Nf4} 19. Ne1 Bf6 20. Nc2 Rhe8 21. Rab1 Ne7 22. a4 Rd7 23. a5 {[%emt 0:07:02] [#]} c5 $1 24. b4 ({But not} 24. dxc5 Rxd1+ 25. Rxd1 Bxb2 $17) 24... cxd4 25. exd4 Nc6 26. b5 Nxa5 27. bxa6 bxa6 28. Rb6 Nxc4 29. Rxa6 {[%emt 0:00:06] [#] Threatens to win with Ra8+.} Kd8 30. d5 exd5 (30... Rxd5 $15 31. Rxd5+ exd5) 31. Ng3 {[%emt 0:00:16] The position is equal.} f4 32. Nf5 $1 Re2 $1 33. Nb4 Be5 (33... Rb2 {feels hotter.} 34. Ra8+ Kc7 35. Rxd5 Kb7) 34. Nxd5 {[%emt 0:00:43] Ra8+ would kill now.} Ke8 35. Ra8+ Kf7 {[%emt 0:01:13] ...Ke6 would be deadly.} 36. Nxh6+ {[%emt 0:01:18] A dynamic duo of knights.} Kg7 37. Nf5+ Kf7 38. Nh6+ $1 Kg7 39. Nf5+ Kf7 {[%emt 0:00:01] Threatening ...Ke6.} 40. Nh6+ $1 {[%emt 0:00:44] Weighted Error Value: White=0.06 (flawless) /Black=0.06 (flawless)} 1/2-1/2

[Event "28th Bosnjaci Open 2024"]
[Site "Bosnjaci"]
[Date "2024.01.09"]
[Round "9.6"]
[White "Pavic, Filip"]
[Black "Kovacevic, Blazimir"]
[Result "0-1"]
[ECO "C10"]
[WhiteElo "2261"]
[BlackElo "2381"]
[Annotator "RC"]
[PlyCount "84"]
[EventDate "2024.01.02"]
[EventType "swiss"]
[EventCountry "CRO"]
[SourceTitle "playchess.com"]
[Source "ChessBase"]
[SourceQuality "1"]
[TimeControl "5400+30"]

1. e4 e6 2. d4 d5 3. Nc3 Be7 4. Nf3 Nf6 5. e5 Ne4 6. Bd3 Nxc3 7. bxc3 c5 8. h4 h6 9. h5 Qa5 10. Bd2 c4 11. Bf1 Bd7 12. Nh4 Nc6 13. Qg4 Bf8 14. Qf4 Qa3 15. Be2 Qb2 16. O-O Qxc2 17. Rfc1 Qh7 18. Bd1 Be7 19. Bc2 Qg8 20. Qh2 O-O-O 21. f4 Kb8 22. Rf1 Ka8 23. g4 Rf8 24. Rab1 g6 25. hxg6 Bxh4 26. Qxh4 fxg6 27. Bc1 g5 28. Qg3 gxf4 29. Rxf4 Rxf4 30. Bxf4 Be8 31. Rf1 Bg6 32. Bxg6 Qxg6 33. Bd2 Rg8 34. Rf6 Qb1+ 35. Rf1 Qe4 36. Rf4 Qe2 37. Be3 a5 38. Rf2 Qe1+ 39. Kg2 Qxc3 40. Bxh6 Qxd4 41. Bf4 Qe4+ 42. Rf3 Nd4 0-1

[Event "28th Bosnjaci Open 2024"]
[Site "Bosnjaci"]
[Date "2024.01.09"]
[Round "9.7"]
[White "Damjanovic, Stjepan"]
[Black "Zufic, Miroslav"]
[Result "0-1"]
[ECO "B90"]
[WhiteElo "2149"]
[BlackElo "2354"]
[Annotator "RC"]
[PlyCount "60"]
[EventDate "2024.01.02"]
[EventType "swiss"]
[EventCountry "CRO"]
[SourceTitle "playchess.com"]
[Source "ChessBase"]
[SourceQuality "1"]
[TimeControl "5400+30"]

1. e4 c5 2. Nf3 d6 3. d4 cxd4 4. Nxd4 Nf6 5. Nc3 a6 6. Be3 e5 7. Nb3 Be6 8. f3 h5 9. Qd2 Nbd7 10. Nd5 Bxd5 11. exd5 a5 12. a4 Be7 13. Bb5 O-O 14. c4 Nc5 15. Nxc5 dxc5 16. O-O-O Qd6 17. h4 Ne8 18. g4 hxg4 19. fxg4 Nc7 20. Rdf1 Nxb5 21. axb5 a4 22. g5 a3 23. b3 f5 24. gxf6 Rxf6 25. Bg5 e4 26. Kb1 a2+ 27. Ka1 Qe5+ 28. Qb2 Rxf1+ 29. Rxf1 Qxb2+ 30. Kxb2 Bxg5 0-1